 Dungeon Crawl Stone Soup version 0.29-a0-275-g389c0b56f3 (webtiles) character file.

Game seed: 4726508524189738087

54 Hubjo the Sneak (level 3, 0/26 HPs)
             Began as a Vampire Enchanter on Mar 11, 2022.
             Was a Follower of Okawaru.
             Slain by an adder (4 damage)
             ... on level 2 of the Dungeon.
             The game lasted 00:03:48 (1968 turns).

Hubjo the Sneak (Vampire Enchanter)                 Turns: 1968, Time: 00:03:49

Health: 0/26       AC:  3    Str:  7    XL:     3   Next: 66%
Magic:  6/6        EV: 13    Int: 17    God:    Okawaru [*.....]
Gold:   49         SH:  0    Dex: 16    Spells: 4/6 levels left

rFire   . . .      SeeInvis +   a - +1 dagger
rCold   . . .      Faith    .   (no shield)
rNeg    . . .      Spirit   .   b - +0 robe
rPois   .          Reflect  .   (no helmet)
rElec   .          Harm     .   (no cloak)
rCorr   .          Rampage  .   (no gloves)
Will    .....                   l - +0 pair of boots
Stlth   +++.......              (no amulet)
HPRegen 0.28/turn               p - ring of see invisible
MPRegen 0.10/turn               (no ring)

@: healing quickly
A: alive, fangs 3, see invisible, vampiric 2
a: Exsanguinate, Renounce Religion, Heroism


You were on level 2 of the Dungeon.
You worshipped Okawaru.
Okawaru was aware of your devotion.
You visited 1 branch of the dungeon, and saw 2 of its levels.

You collected 49 gold pieces.

Inventory:

Hand Weapons
 a - a +1 dagger (weapon)
 q - the +5 hunting sling of Lines {freeze, Int+2}
   (You found it on level 2 of the Dungeon)

   Any ammunition fired from it freezes those it strikes, dealing additional
   cold damage.
   It can also slow down cold-blooded creatures.
   Int:       It affects your intelligence (+2).
Armour
 b - a +0 robe (worn)
 i - a +0 ring mail of cold resistance
 l - a +0 pair of boots (worn)
Jewellery
 p - a ring of see invisible (left hand)
Scrolls
 d - 5 scrolls of identify {unknown}
 g - a scroll of teleportation {unknown}
 h - a scroll of noise {unknown}
 k - a scroll of summoning {unknown}
 m - 4 scrolls of blinking {unknown}
Potions
 c - 3 potions of invisibility
 e - a potion of degeneration {unknown}
 f - a potion of might {unknown}
 j - a potion of brilliance {unknown}
 n - a potion of haste {unknown}
 o - a potion of mutation {unknown}


   Skills:
 * Level 1.5 Fighting
 + Level 1.6 Short Blades
 + Level 2.6 Dodging
 * Level 5.3 Stealth
 - Level 2.0 Spellcasting
 + Level 4.8 Hexes


You had 4 spell levels left.
You knew the following spells:

 Your Spells              Type           Power      Damage    Failure   Level
a - Ensorcelled Hibernat  Hex/Ice        18%        N/A       11%         2

Your spell library contained the following spells:

 Spells                   Type           Power      Damage    Failure   Level
 Confusing Touch          Hex            18%        N/A       8%          3
 Magic Dart               Conj           4%         1d3       19%         1
 Dazzling Flash           Conj/Hex       18%        N/A       22%         3
 Portal Projectile        Hex/Tloc       18%        N/A       22%         3
 Mephitic Cloud           Conj/Pois/Air  1%         N/A       50%         3
 Leda's Liquefaction      Hex/Erth       4%         N/A       56%         4
 Tukima's Dance           Hex            Unusable   N/A       N/A         3
 Call Imp                 Summ           Unusable   N/A       N/A         2
 Call Canine Familiar     Summ           Unusable   N/A       N/A         3

Dungeon Overview and Level Annotations

Branches:
Dungeon (2/15)

Altars:
Okawaru


Innate Abilities, Weirdness & Mutations

Your natural rate of healing is accelerated.
You have razor-sharp teeth.
You have supernaturally acute eyesight. (SInv)
You are afflicted with vampirism and can become a bat while bloodless.


Message History

You barely miss the worm.
The worm is lightly wounded.
The worm misses you.
You barely miss the worm.
The worm is lightly wounded.
You hit the worm.
The worm is moderately wounded.
The adder misses you. The worm bites you. The adder barely misses you.
You hit the worm.
The worm is moderately wounded.
The adder bites you.
You are poisoned.
The adder poisons you!
You hit the worm.
The worm is heavily wounded.
You feel sick. The adder closely misses you.
The worm bites you but does no damage.
You hit the worm but do no damage.
The worm is heavily wounded.
You feel sick. The adder completely misses you. The worm bites you.
You are too injured to fight recklessly!
You are too injured to fight recklessly!
You are too injured to fight recklessly!
You are too injured to fight recklessly!
You are too injured to fight recklessly!
You are too injured to fight recklessly!
You feel sick. The adder closely misses you. x2
You feel sick. The adder attacks as you move away! The adder bites you.
You feel sick.
A quokka comes into view.
You feel sick. The adder bites you but does no damage.
The adder attacks as you move away! The adder misses you.
You feel sick.
You are no longer poisoned.
The adder bites you.
* * * LOW HITPOINT WARNING * * *
The adder attacks as you move away! The adder completely misses you.
You hit the adder.
The adder is heavily wounded.
The adder bites you.
You die...

#.##..# ##...........
..#.. .........####
#... ##.......# #!.#
#.####..# #..# ####.
#...## ####..# ##...
#.### ###.)...#
#..#####.#
.#...##.#####........#
.........w.S@...#######
#........r#######
......##..# ###.## #.##
# #r# #.# #.# ..#


You could see a worm, an adder and a quokka (wandering).

Vanquished Creatures
  An adder (D:2)
  A dart slug (D:1)
  5 ball pythons
  5 endoplasms
  A giant cockroach (D:1)
  7 goblins
  4 hobgoblins
  4 jackals
  4 bats
  2 frilled lizards (D:1)
  2 kobolds (D:1)
  4 rats
  A bush (D:1)
41 creatures vanquished.

Notes
Turn   | Place    | Note
-------+----------+-------------------------------------------
     0 | D:1      | Hubjo the Vampire Enchanter began the quest for the Orb.
     0 | D:1      | Reached XP level 1. HP: 13/13 MP: 3/3
   184 | D:1      | Reached XP level 2. HP: 9/20 MP: 5/5
   424 | D:1      | Reached skill level 5 in Stealth
   617 | D:1      | Reached skill level 1 in Fighting
   841 | D:1      | Found a faded altar of an unknown god.
   850 | D:1      | Prayed at the altar of an unknown god.
   850 | D:1      | Became a worshipper of Warmaster Okawaru
   850 | D:1      | Reached * piety under Okawaru
   872 | D:1      | Gained mutation: You are afflicted with vampirism and can
                  | become a bat while bloodless. [Vampire growth]
   872 | D:1      | Reached XP level 3. HP: 26/26 MP: 6/6
   875 | D:1      | Learned a level 2 spell: Ensorcelled Hibernation
  1698 | D:2      | Identified the +5 hunting sling of Lines {freeze, Int+2}
  1762 | D:2      | HP: 1/26 [poisoned by an adder]
  1968 | D:2      | Slain by an adder

Illustrated notes

Levels and vault maps discovered:
D:1:      lemuel_arrival_river_ford, layout_loops_cross,
          dreamdust_ecumenical_altar_angels_and_demons, minmay_hedge_maze
D:2:      layout_rooms, st_stairs_9, serial_park_tiny_pond, grunt_ministairs_14,
          minmay_misc_feat_roman, minmay_hexomino_u4

Skill      XL: |  1  2 |
---------------+-------+-----
Stealth        | 5 |  5.3
Fighting       | 1 |  1.5
Short Blades   | |  1.6
Dodging        | |  2.6
Spellcasting   | |  2.0
Hexes          | |  4.8

Action                   || total
-------------------------++-------
Melee: Dagger            ||   513
       Bite              ||    99
       Punch             ||     9
 Stab: Sleeping          ||    14
Armor: Robe              ||    39
Dodge: Dodged            ||   111

Table legend: (Time is in decaauts)
 A = Elapsed time spent in this place.
 B = Non-inter-level travel time spent in this place.
 C = Inter-level travel time spent in this place.
 D = Time resting spent in this place.
 E = Time spent auto-exploring this place.
 F = Levels seen in this place.
 G = Mean time per level.
                   A        B        C        D        E       F      G
               +--------+--------+--------+--------+--------+-----+--------+
         Total |   1938 |   1785 |    153 |      0 |   1003 |   2 |  969.0 |
       Dungeon |   1938 |   1785 |    153 |      0 |   1003 |   2 |  969.0 |
               +--------+--------+--------+--------+--------+-----+--------+

Top non-repeatable levels by time:
     D:1: 1494 daAuts
     D:2: 444 daAuts
